2314 views
Uploaded 2024-03-27 01:19:32
Game version 1.36 (6115)
50:01 long 1on2 private game on larosanautica
Saved by Alex11Chr
2314 views
Uploaded 2024-03-27 01:19:32
Game version 1.36 (6115)
50:01 long 1on2 private game on larosanautica


144 units @ 19.8k
/ 2.7k
66 buildings @ 11.4k
/ 5.3k



| Healing Salve | 1 | 100 |
| Lesser Clarity Potion | 5 | 350 |
| Potion of Mana | 2 | 400 |
| Health Stone | 1 | 450 |
| total: | 9 | 1300g |
| Peon | 21 | 1575 | / | 0 |
| Grunt | 5 | 1000 | / | 0 |
| Troll Headhunter | 4 | 560 | / | 80 |
| Troll Witch Doctor | 1 | 145 | / | 25 |
| Shaman | 16 | 2080 | / | 320 |
| Troll Berserker | 22 | 3080 | / | 440 |
| Raider | 20 | 3600 | / | 800 |
| total: | 89 | 12040g | / | 1665w |
| Watch Tower | 11 | 1210 | / | 880 |
| Altar of Storms | 1 | 180 | / | 50 |
| Orc Burrow | 10 | 1600 | / | 400 |
| Barracks | 1 | 180 | / | 50 |
| Voodoo Lounge | 2 | 260 | / | 60 |
| War Mill | 1 | 205 | / | 0 |
| Great Hall | 4 | 1540 | / | 740 |
| Spirit Lodge | 1 | 150 | / | 150 |
| Beastiary | 1 | 145 | / | 140 |
| Stronghold | 1 | 315 | / | 190 |
| Fortress | 1 | 325 | / | 190 |
| total: | 32 | 5470g | / | 2470w |
| 0:05 | Peon |
| 0:07 | Altar of Storms |
| 0:12 | Orc Burrow |
| 0:21 | Barracks |
| 0:28 | Peon |
| 0:45 | Peon |
| 1:03 | Peon |
| 1:15 | Peon |
| 1:23 | Grunt |
| 1:40 | Orc Burrow |
| 1:47 | Peon |
| 2:04 | Peon |
| 2:13 | Feral Spirit |
| 2:26 | Peon |
| 2:36 | Grunt |
| 2:41 | Stronghold |
| 3:02 | Grunt |
| 3:08 | Voodoo Lounge |
| 3:34 | War Mill |
| 3:49 | Orc Burrow |
| 4:13 | Chain Lighting |
| 4:15 | Grunt |
| 5:01 | Troll Headhunter |
| 5:26 | Grunt |
| 5:30 | Fortress |
| 5:59 | Troll Regeneration |
| 6:05 | Spirit Lodge |
| 6:07 | Healing Salve |
| 6:08 | Lesser Clarity Potion |
| 6:34 | Beastiary |
| 6:38 | Troll Headhunter |
| 6:54 | Shockwave |
| 7:15 | Troll Headhunter |
| 7:22 | Orc Burrow |
| 7:45 | Witch Doctor Adept Training |
| 7:46 | Troll Witch Doctor |
| 7:48 | Shaman |
| 7:52 | Berserker Upgrade |
| 7:53 | Ensnare |
| 7:56 | Steel Ranged Weapons |
| 8:09 | Troll Headhunter |
| 8:57 | Troll Berserker |
| 8:57 | Raider |
| 8:59 | Shaman Adept Training |
| 8:59 | Shaman |
| 9:10 | Feral Spirit |
| 9:24 | Health Stone |
| 9:47 | Raider |
| 9:49 | Troll Berserker |
| 10:05 | Endurance Aura |
| 10:58 | Orc Burrow |
| 12:12 | Breath of Fire |
| 12:47 | Raider |
| 12:47 | Troll Berserker |
| 12:49 | Shaman Master Training |
| 12:49 | Shaman |
| 12:54 | Steel Armor |
| 12:55 | Steel Melee Weapons |
| 13:41 | Shockwave |
| 13:51 | Troll Berserker |
| 13:56 | Orc Burrow |
| 14:58 | Chain Lighting |
| 15:10 | Raider |
| 15:11 | Troll Berserker |
| 15:13 | Shaman |
| 15:50 | Orc Burrow |
| 15:54 | Orc Burrow |
| 16:29 | Voodoo Lounge |
| 16:34 | Orc Burrow |
| 17:27 | Endurance Aura |
| 18:03 | Chain Lighting |
| 18:10 | Troll Berserker |
| 18:10 | Raider |
| 18:11 | Shaman |
| 18:16 | Thorium Armor |
| 18:46 | Endurance Aura |
| 18:49 | Raider |
| 18:50 | Troll Berserker |
| 18:51 | Shaman |
| 19:15 | Feral Spirit |
| 19:37 | Orc Burrow |
| 20:37 | Raider |
| 20:38 | Troll Berserker |
| 20:39 | Shaman |
| 20:48 | Drunken Brawler |
| 20:50 | Lesser Clarity Potion |
| 20:51 | Lesser Clarity Potion |
| 21:06 | Troll Berserker |
| 22:19 | Reincarnation |
| 22:34 | Shaman |
| 22:34 | Raider |
| 22:35 | Troll Berserker |
| 23:00 | Troll Berserker |
| 23:01 | Raider |
| 23:15 | Earth Quake |
| 23:45 | Breath of Fire |
| 23:56 | Troll Berserker |
| 24:01 | Thorium Ranged Weapons |
| 24:57 | Drunken Brawler |
| 25:17 | Great Hall |
| 25:21 | Watch Tower |
| 25:22 | Watch Tower |
| 25:27 | Watch Tower |
| 26:01 | Watch Tower |
| 26:20 | Shockwave |
| 27:31 | Far Sight |
| 28:31 | Raider |
| 28:32 | Troll Berserker |
| 28:37 | Shaman |
| 28:44 | Breath of Fire |
| 29:21 | War Stomp |
| 30:03 | Watch Tower |
| 30:15 | Watch Tower |
| 30:28 | Far Sight |
| 30:36 | Shaman |
| 30:36 | Raider |
| 30:36 | Troll Berserker |
| 31:43 | Peon |
| 33:03 | Watch Tower |
| 33:07 | Shaman |
| 33:07 | Raider |
| 33:08 | Troll Berserker |
| 33:10 | Reinforced Defenses |
| 33:12 | Thorium Melee Weapons |
| 33:51 | War Stomp |
| 34:17 | Troll Berserker |
| 34:18 | Raider |
| 34:18 | Shaman |
| 34:20 | Arcanite Armor |
| 34:33 | Watch Tower |
| 35:18 | Raider |
| 35:18 | Troll Berserker |
| 35:58 | Watch Tower |
| 36:32 | Far Sight |
| 36:49 | Storm Earth and Fire |
| 36:59 | Troll Berserker |
| 36:59 | Raider |
| 37:00 | Shaman |
| 37:37 | Troll Berserker |
| 37:38 | Raider |
| 37:56 | Lesser Clarity Potion |
| 37:56 | Lesser Clarity Potion |
| 37:58 | Potion of Mana |
| 38:10 | Potion of Mana |
| 39:12 | Drunken Brawler |
| 40:09 | Peon |
| 40:09 | Peon |
| 40:09 | Peon |
| 40:09 | Peon |
| 40:09 | Peon |
| 40:51 | Raider |
| 40:51 | Troll Berserker |
| 40:52 | Shaman |
| 40:52 | Shaman |
| 40:53 | Raider |
| 40:54 | Troll Berserker |
| 40:55 | Arcanite Melee Weapons |
| 42:14 | War Stomp |
| 42:42 | Drunken Haze |
| 43:01 | Great Hall |
| 43:05 | Great Hall |
| 43:08 | Great Hall |
| 43:32 | Watch Tower |
| 43:33 | Watch Tower |
| 44:09 | Peon |
| 44:09 | Peon |
| 44:10 | Peon |
| 44:10 | Peon |
| 44:10 | Peon |
| 44:17 | Peon |
| 44:17 | Peon |
| 44:41 | Arcanite Ranged Weapons |
| 44:42 | Spiked Barricades |
| 46:06 | Pillage |
| 46:07 | Raider |
| 46:08 | Shaman |
| 46:08 | Troll Berserker |
| 49:26 | Raider |
| 49:28 | Improved Spiked Barricades |
| Right click | 896 |
| Select | 650 |
| Select group | 537 |
| Misc. action | 253 |
| Build/train/purchase | 178 |
| Use ability | 141 |
| Assign group | 53 |
| Minimap ping | 14 |
| Item give/drop | 7 |
| Remove unit | 7 |
| Esc | 5 |
⇛
Rissa
(16)
(49:57) : 


| Potion of Mana | 2 | 400 |
| Potion of Healing | 3 | 450 |
| Scroll of Healing | 5 | 1250 |
| Scroll of Protection | 4 | 600 |
| Replenishment Potion | 1 | 150 |
| total: | 15 | 2850g |
| Peon | 15 | 1125 | / | 0 |
| Grunt | 5 | 1000 | / | 0 |
| Troll Witch Doctor | 25 | 3625 | / | 625 |
| Troll Headhunter | 6 | 840 | / | 120 |
| Tauren | 4 | 1120 | / | 320 |
| total: | 55 | 7710g | / | 1065w |
| Watch Tower | 14 | 1540 | / | 1120 |
| Altar of Storms | 2 | 360 | / | 100 |
| Orc Burrow | 8 | 1280 | / | 320 |
| Barracks | 1 | 180 | / | 50 |
| War Mill | 1 | 205 | / | 0 |
| Great Hall | 5 | 1925 | / | 925 |
| Voodoo Lounge | 1 | 130 | / | 30 |
| Spirit Lodge | 1 | 150 | / | 150 |
| Tauren Totem | 1 | 135 | / | 155 |
| Stronghold | 1 | 315 | / | 190 |
| Fortress | 1 | 325 | / | 190 |
| total: | 34 | 5905g | / | 2850w |
| 0:04 | Peon |
| 0:04 | Peon |
| 0:08 | Altar of Storms |
| 0:10 | Orc Burrow |
| 0:23 | Barracks |
| 0:32 | Peon |
| 0:47 | Peon |
| 1:06 | Peon |
| 1:07 | Peon |
| 1:28 | Grunt |
| 1:47 | Grunt |
| 1:56 | Peon |
| 2:11 | Orc Burrow |
| 2:21 | Healing Wave |
| 2:44 | Stronghold |
| 3:06 | War Mill |
| 3:26 | Orc Burrow |
| 4:24 | Orc Burrow |
| 4:34 | Steel Armor |
| 5:18 | Spirit Lodge |
| 5:23 | Peon |
| 5:31 | Healing Spray |
| 6:19 | Fortress |
| 6:26 | Hex |
| 6:56 | Steel Melee Weapons |
| 7:01 | Spiked Barricades |
| 7:35 | Berserker Strength |
| 8:29 | Great Hall |
| 8:36 | Acid Bomb |
| 8:47 | Peon |
| 8:48 | Peon |
| 9:17 | Replenishment Potion |
| 9:33 | Improved Spiked Barricades |
| 9:42 | Life Drain |
| 9:44 | Peon |
| 9:55 | Witch Doctor Adept Training |
| 10:16 | Pillage |
| 11:04 | Healing Wave |
| 11:07 | Witch Doctor Master Training |
| 11:08 | Troll Witch Doctor |
| 11:08 | Troll Witch Doctor |
| 11:08 | Troll Witch Doctor |
| 11:08 | Troll Witch Doctor |
| 11:09 | Troll Witch Doctor |
| 11:12 | Troll Regeneration |
| 11:13 | Troll Headhunter |
| 11:13 | Troll Headhunter |
| 11:13 | Troll Headhunter |
| 11:57 | Great Hall |
| 13:14 | Troll Witch Doctor |
| 13:26 | Reinforced Defenses |
| 13:28 | Steel Ranged Weapons |
| 13:31 | Troll Headhunter |
| 13:31 | Troll Headhunter |
| 13:35 | Grunt |
| 13:38 | Black Arrow |
| 14:24 | Acid Bomb |
| 14:42 | Peon |
| 14:42 | Peon |
| 14:42 | Peon |
| 14:42 | Peon |
| 15:26 | Orc Burrow |
| 15:31 | Orc Burrow |
| 15:51 | Serpent Ward |
| 16:05 | Life Drain |
| 16:11 | Troll Headhunter |
| 16:12 | Grunt |
| 16:15 | Thorium Ranged Weapons |
| 16:16 | Thorium Armor |
| 16:16 | Thorium Melee Weapons |
| 16:50 | Orc Burrow |
| 17:02 | Altar of Storms |
| 17:52 | Troll Witch Doctor |
| 17:52 | Troll Witch Doctor |
| 18:12 | Healing Spray |
| 18:20 | Healing Wave |
| 19:28 | Healing Spray |
| 19:51 | Tauren Totem |
| 19:56 | Arcanite Armor |
| 19:57 | Arcanite Ranged Weapons |
| 20:31 | Big Bad Voodoo |
| 20:50 | Orc Burrow |
| 21:08 | Pulverize |
| 21:09 | Tauren |
| 21:09 | Tauren |
| 21:11 | Tauren |
| 21:35 | Black Arrow |
| 22:19 | Arcanite Melee Weapons |
| 23:10 | Troll Witch Doctor |
| 23:10 | Troll Witch Doctor |
| 25:05 | Transmute |
| 25:37 | Life Drain |
| 26:15 | Serpent Ward |
| 26:22 | Troll Witch Doctor |
| 26:45 | Scroll of Protection |
| 26:45 | Scroll of Protection |
| 26:45 | Scroll of Healing |
| 26:46 | Scroll of Healing |
| 27:28 | Troll Witch Doctor |
| 27:28 | Troll Witch Doctor |
| 27:28 | Troll Witch Doctor |
| 27:29 | Troll Witch Doctor |
| 28:21 | Charm |
| 28:33 | Troll Witch Doctor |
| 29:21 | Troll Witch Doctor |
| 30:07 | Acid Bomb |
| 31:27 | Tauren |
| 31:32 | Grunt |
| 31:34 | Troll Witch Doctor |
| 32:25 | Serpent Ward |
| 32:56 | Black Arrow |
| 34:12 | Troll Witch Doctor |
| 34:13 | Troll Witch Doctor |
| 35:16 | Chemical Rage |
| 36:18 | Great Hall |
| 36:23 | Watch Tower |
| 36:29 | Watch Tower |
| 36:43 | Watch Tower |
| 36:47 | Watch Tower |
| 37:20 | Watch Tower |
| 37:23 | Troll Witch Doctor |
| 37:36 | Scroll of Healing |
| 37:40 | Scroll of Healing |
| 37:40 | Scroll of Healing |
| 37:40 | Scroll of Protection |
| 37:41 | Scroll of Protection |
| 37:58 | Watch Tower |
| 38:05 | Voodoo Lounge |
| 38:51 | Watch Tower |
| 39:23 | Potion of Mana |
| 39:23 | Potion of Mana |
| 39:24 | Potion of Healing |
| 39:24 | Potion of Healing |
| 39:31 | Potion of Healing |
| 40:13 | Silence |
| 40:56 | Hex |
| 41:23 | Chemical Rage |
| 42:05 | Troll Witch Doctor |
| 42:05 | Troll Witch Doctor |
| 42:06 | Troll Witch Doctor |
| 42:55 | Great Hall |
| 44:03 | Troll Witch Doctor |
| 45:30 | Watch Tower |
| 45:32 | Watch Tower |
| 45:54 | Great Hall |
| 45:59 | Watch Tower |
| 46:04 | Watch Tower |
| 46:10 | Watch Tower |
| 47:30 | Watch Tower |
| 47:33 | Watch Tower |
| Right click | 2483 |
| Select group | 838 |
| Select | 397 |
| Use ability | 174 |
| Build/train/purchase | 144 |
| Assign group | 56 |
| Resource trade | 14 |
| Item give/drop | 7 |
| Minimap ping | 5 |
| Remove unit | 1 |